 Dungeon Crawl Stone Soup version 0.27-a0-1200-g94dc6ad4cf (webtiles) character file.

Game seed: 16285684703175833877

120 Glokmah the Charlatan (level 5, 0/39 HPs)
             Began as a Formicid Artificer on May 30, 2021.
             Was a Believer of Wu Jian.
             Slain by a gnoll
             ... wielding a +0 club
              (7 damage)
             ... on level 4 of the Dungeon.
             The game lasted 00:09:31 (4758 turns).

Glokmah the Charlatan (Formicid Artificer)          Turns: 4758, Time: 00:09:32

Health: 0/39       AC:  5    Str: 16    XL:     5   Next: 25%
Magic:  5/5        EV: 10    Int: 11    God:    Wu Jian [**....]
Gold:   182        SH:  0    Dex: 12    Spells: 3/4 levels left

rFire    . . .     SeeInvis +   a - +0 hand axe
rCold    + + .     Faith    .   (no shield)
rNeg     . . .     Spirit   .   s - +0 ring mail
rPois    .         Reflect  .   (helmet unavailable)
rElec    .         Harm     .   (no cloak)
rCorr    .         Rampage  .   (no gloves)
Will     .....                  (no boots)
Stlth    +.........             (no amulet)
HPRegen  0.13/turn              f - ring of protection from cold
MPRegen  0.09/turn              u - ring of protection from cold

@: no status effects
A: permanent stasis, dig shafts and tunnels, antennae 3, four strong arms
a: Dig, Shaft Self, Renounce Religion, Wall Jump


You were on level 4 of the Dungeon.
You worshipped Wu Jian.
Wu Jian was pleased with you.
You visited 1 branch of the dungeon, and saw 4 of its levels.

You collected 182 gold pieces.

Inventory:

Hand Weapons
 a - a +0 hand axe (weapon)
 q - a +0 hunting sling
Missiles
 m - 7 javelins
 r - 79 stones
Armour
 j - a +0 buckler
 s - a +0 ring mail (worn)
Jewellery
 f - a ring of protection from cold (left hand)
 u - a ring of protection from cold (right hand)
Wands
 c - a wand of flame (11) (quivered)
 d - a wand of charming (15)
Scrolls
 b - a scroll of immolation {unknown}
 g - 4 scrolls of identify {unknown}
 h - a scroll of magic mapping {unknown}
 k - a scroll of enchant armour {unknown}
 l - a scroll of summoning {unknown}
 n - a scroll of amnesia {unknown}
 p - a scroll of noise {unknown}
Potions
 i - a potion of flight {unknown}
 o - a potion of cancellation {unknown}
 t - a potion of brilliance {unknown}
Miscellaneous
 e - a piece from Xom's chessboard (14/15)


   Skills:
 + Level 2.4 Fighting
 * Level 0.0 Axes
 - Level 2.1 Armour
 - Level 0.8 Dodging
 - Level 1.2 Stealth
 * Level 2.8 Shields
 * Level 4.8 Evocations


You had 3 spell levels left.
You knew the following spells:

 Your Spells              Type           Power      Damage    Failure   Level
a - Beastly Appendage     Tmut           0%         N/A       54%         1

Your spell library contained the following spells:

 Spells                   Type           Power      Damage    Failure   Level
 Wereblood                Tmut           0%         N/A       69%         2
 Spider Form              Tmut/Pois      0%         N/A       89%         3
 Ice Form                 Ice/Tmut       0%         N/A       100%        4
 Hydra Form               Tmut           0%         N/A       100%        5


Dungeon Overview and Level Annotations

Branches:
Dungeon (4/15)
 Temple: D:4-7

Altars:
Vehumet
Wu Jian
Yredelemnul


Innate Abilities, Weirdness & Mutations

You cannot be hasted, slowed, berserked, paralysed or teleported.
You can dig through walls and to a lower floor.
You have a pair of large antennae on your head. (SInv)
Your four strong arms can wield two-handed weapons with a shield.


Message History

There is a stone staircase leading up, spattered with blood here.
The orc hits you but does no damage.
You climb upwards.
There is a stone staircase leading down here.
You closely miss the orc. The orc hits you but does no damage.
You slash the orc!
You kill the orc!
The Council accepts your kill.
Things that are here:
a +0 hand axe; an orc corpse
v - a +0 hand axe You are now empty-handed.
You drop a +0 scimitar.
Adjust to which letter? (? for menu, Esc to quit)
a - a +0 hand axe
a - a +0 hand axe (weapon)
There is a stone staircase leading down here.
You climb downwards.
The orc barely misses you. The gnoll hits you with a +0 club.
The orc hits you with a +0 hand axe.
There is a stone staircase leading up, spattered with blood here.
You hit the gnoll but do no damage. You barely miss the orc.
The gnoll hits you with a +0 club. The orc barely misses you.
The gnoll hits you with a +0 club.
You hit the gnoll but do no damage. You hit the orc. The orc misses you.
The gnoll barely misses you.
You closely miss the orc.
The orc is moderately wounded.
You hit the gnoll but do no damage. The orc hits you but does no damage.
The gnoll hits you with a +0 club. The orc hits you with a +0 hand axe.
You hit the gnoll.
The gnoll is heavily wounded.
You barely miss the orc. The gnoll hits you with a +0 club.
* * * LOW HITPOINT WARNING * * *
The orc suddenly complains, as Orcs often do.
The orc hits you with a +0 hand axe.
* * * LOW HITPOINT WARNING * * *
The gnoll barely misses you.
You spin and attack the gnoll.
You barely miss the gnoll.
The gnoll is heavily wounded.
The gnoll hits you with a +0 club!
You die...

#
#.####
#..og#
####@#
#.#
#.#
#.#
#.#
#.#
#.#
#.#


You could see a gnoll and an orc.

Vanquished Creatures
  Robin (D:2)
  3 adders
  7 orcs (D:3)
  7 bats
  5 endoplasms
  A giant cockroach (D:2)
  13 goblins
  8 hobgoblins (D:2)
  5 kobolds
  2 quokkas
  6 ball pythons
  4 frilled lizards
  6 rats
68 creatures vanquished.

Notes
Turn   | Place    | Note
-------+----------+-------------------------------------------
     0 | D:1      | Glokmah the Formicid Artificer began the quest for the Orb.
     0 | D:1      | Reached XP level 1. HP: 15/15 MP: 1/1
   606 | D:1      | Reached XP level 2. HP: 19/21 MP: 2/2
   783 | D:1      | Found a faded altar of an unknown god.
   798 | D:1      | Became a worshipper of the Wu Jian Council
   798 | D:1      | Reached * piety under Wu Jian
  1321 | D:2      | Reached skill level 1 in Shields
  1321 | D:2      | Reached skill level 4 in Evocations
  1321 | D:2      | Reached XP level 3. HP: 11/27 MP: 3/3
  2555 | D:2      | Reached XP level 4. HP: 15/33 MP: 4/4
  2694 | D:2      | Noticed Robin
  2705 | D:2      | Killed Robin
  3075 | D:2      | Reached ** piety under Wu Jian
  3784 | D:3      | Learned a level 1 spell: Beastly Appendage
  3966 | D:3      | Reached XP level 5. HP: 33/39 MP: 5/5
  4275 | D:3      | Found a radiant altar of Vehumet.
  4348 | D:3      | Found a basalt altar of Yredelemnul.
  4758 | D:4      | Slain by a gnoll

Illustrated notes

Levels and vault maps discovered:
D:1:      scummos_arrival_checkerplants, layout_rooms, basic_ecumenical_altar,
          minmay_misc_feat_diagonals, hangedman_decor_growths
D:2:      layout_loops_ring, minivault_11, kennysheep_cross_bottleneck,
          uniq_robin
D:3:      layout_basic, nicolae_vehumet_altar_sigil, amcnicky_altar_gilded
D:4:      layout_basic, old_standard_altar, minmay_temple_entry_ruins,
          serial_shops, nicolae_shop_waterfront, chequers_serial_rivers_small_a,
          chequers_garden

Skill      XL: |  1  2  3  4 |
---------------+-------------+-----
Shields        | 1 2 |  2.8
Evocations     | 4 |  4.8
Fighting       | 2 |  2.4
Armour         | |  2.1
Dodging        | |  0.8
Stealth        | |  1.2

Action                   |  1- 3 |  4- 6 || total
-------------------------+-------+-------++-------
Melee: Club              |    37 |       ||    37
       Dagger            |    96 |       ||    96
       Scimitar          |    42 |   134 ||   176
       Hand axe          |       |     5 ||     5
Invok: Whirlwind         |    14 |    14 ||    28
       Lunge             |    12 |    10 ||    22
Evoke: Wand              |     2 |     2 ||     4
       Piece from Xom's  |     2 |     3 ||     5
 Stab: Confused          |     1 |       ||     1
Armor: Leather armour    |    53 |       ||    53
       Ring mail         |     8 |    71 ||    79
Dodge: Dodged            |   106 |    96 ||   202
       Rpst.: Scimitar   |     5 |    27 ||    32

Table legend: (Time is in decaauts)
 A = Elapsed time spent in this place.
 B = Non-inter-level travel time spent in this place.
 C = Inter-level travel time spent in this place.
 D = Time resting spent in this place.
 E = Time spent auto-exploring this place.
 F = Levels seen in this place.
 G = Mean time per level.
                   A        B        C        D        E       F      G
               +--------+--------+--------+--------+--------+-----+--------+
         Total |   4835 |   4535 |    300 |   1346 |   2153 |   4 | 1208.8 |
       Dungeon |   4835 |   4535 |    300 |   1346 |   2153 |   4 | 1208.8 |
               +--------+--------+--------+--------+--------+-----+--------+

Top non-repeatable levels by time:
     D:2: 2232 daAuts
     D:1: 1524 daAuts
     D:3: 1043 daAuts
     D:4: 33 daAuts
